AoeStats
← 7thSKINS

Hideout

507492301Analyzed
1v1 RM · 14d ago on Sep 18, 2026· 54m 1s· 2 players
Game mode
Random Map
Map size
Tiny (2 player)
Population
200
Speed
Normal
Resources
Standard
Victory
Conquest
Starting age
Dark Age
Ending age
Imperial Age
RankedLock teamsTeams togetherTeam positionsShared explorationLock speedFull tech treeHidden civsTurbo modeCheats
Victory
Defeat
🇷🇴 Slavs · Romania
490
+18
🇹🇷 Vikings · Türkiye
538
-18
7thSKINS
1:18 Loom
11:54 Feudal Age
12:16 Horse Collar
12:23 Double-Bit Axe
12:30 Town Watch
17:18 Fletching
17:29 Scale Mail Armor
17:39 Forging
19:22 Gold Mining
19:23 Stone Mining
22:37 Castle Age
21:32 Man-at-Arms
23:55 Bodkin Arrow
24:07 Squires
26:44 Ballistics
27:04 Chain Mail Armor
27:18 Murder Holes
28:45 Masonry
28:02 Crossbowman
30:13 Iron Casting
29:39 Padded Archer Armor
29:05 Elite Skirmisher
31:34 Bow Saw
31:26 Heavy Plow
32:29 Pikeman
33:22 Guard Tower
36:44 Gold Shaft Mining
42:03 Imperial Age
40:10 Wheelbarrow
40:08 Leather Archer Armor
39:23 Long Swordsman
41:14 Fortified Wall
42:41 Two-Handed Swordsman
42:41 Halberdier
43:55 Plate Mail Armor
43:43 Detinets
43:59 Druzhina
45:26 Chemistry
44:32 Siege Engineers
45:29 Blast Furnace
44:37 Scale Barding Armor
46:17 Hoardings
46:03 Conscription
46:18 Champion
Ömer the king
1:50 Loom
11:42 Feudal Age
15:55 Castle Age
14:19 Double-Bit Axe
14:27 Horse Collar
30:12 Heavy Plow
30:02 Elite Skirmisher
30:49 Squires
30:09 Pikeman
32:35 Fletching
32:47 Scale Mail Armor
35:25 Bow Saw
39:43 Imperial Age
40:30 Bodkin Arrow
40:51 Chain Mail Armor
40:47 Forging
40:37 Padded Archer Armor
42:37 Conscription
42:58 Light Cavalry
44:24 Plate Mail Armor
44:10 Leather Archer Armor
43:55 Bracer
45:14 Cavalier
46:34 Ballistics
Connection lost

Rejoining the realm…

Still unreachable

The connection could not be restored.

Session expired

The server has moved on; the page needs a fresh start.